 Dungeon Crawl Stone Soup version 0.27-a0-1308-gc08437e49b (webtiles) character file.

Game seed: 3329163336608833128

22 bilbop the Caller (level 2, -1/20 HPs)
             Began as a Merfolk Summoner on June 19, 2021.
             Slain by a hobgoblin (3 damage)
             ... on level 2 of the Dungeon.
             The game lasted 00:09:10 (1488 turns).

bilbop the Caller (Merfolk Summoner)                Turns: 1488, Time: 00:09:11

Health: -1/20      AC:  2    Str:  8    XL:     2   Next: 91%
Magic:  4/5        EV: 13    Int: 14    God:
Gold:   20         SH:  0    Dex: 14    Spells: 4/5 levels left

rFire    . . .     SeeInvis .   a - +0 dagger
rCold    . . .     Faith    .   (no shield)
rNeg     . . .     Spirit   .   c - +0 robe
rPois    .         Reflect  .   (no helmet)
rElec    .         Harm     .   (no cloak)
rCorr    .         Rampage  .   (no gloves)
Will     .....                  (no boots)
Stlth    ++........             (no amulet)
HPRegen  0.06/turn              (no ring)
MPRegen  0.09/turn              (no ring)

@: no status effects
A: (nimble swimmer 2), mertail
a: no special abilities


You were on level 2 of the Dungeon.
You visited 1 branch of the dungeon, and saw 2 of its levels.

You collected 20 gold pieces.

Inventory:

Hand Weapons
 a - a +0 dagger (weapon)
Missiles
 b - 16 bolts
Armour
 c - a +0 robe (worn)
Potions
 d - 2 potions of curing {unknown}
 e - a potion of might {unknown}


   Skills:
 + Level 0.7 Fighting
 + Level 0.6 Short Blades
 + Level 3.2 Dodging
 + Level 2.5 Stealth
 + Level 2.2 Spellcasting
 + Level 4.1 Summonings


You had 4 spell levels left.
You knew the following spells:

 Your Spells              Type           Power      Damage    Failure   Level
a - Summon Small Mammal   Summ           52%        N/A       4%          1

Your spell library contained the following spells:

 Spells                   Type           Power      Damage    Failure   Level
 Call Imp                 Summ           13%        N/A       6%          2
 Call Canine Familiar     Summ           13%        N/A       13%         3
 Summon Guardian Golem    Hex/Summ       7%         N/A       30%         3
 Summon Ice Beast         Ice/Summ       7%         N/A       69%         4
 Summon Lightning Spire   Summ/Air       7%         N/A       69%         4


Dungeon Overview and Level Annotations

Branches:
Dungeon (2/15)

Altars:


Innate Abilities, Weirdness & Mutations

((You are quick and stealthy near water. (Stealth+, EV+, Speed+++)))
Your lower body shifts to a powerful aquatic tail in water.


Message History

Your quokka bites something.
Something hits you.
The giant cockroach closely misses your quokka.
You hit something but do no damage. The giant cockroach bites your quokka.
Your quokka dies!
Your quokka's corpse disappears in a puff of smoke!
Something hits you.
You miss something.
The giant cockroach bites your quokka but does no damage.
Something hits you.
You barely miss something. The giant cockroach misses your quokka.
Your quokka bites the giant cockroach.
Something hits you.
You hit something but do no damage. The giant cockroach bites your quokka.
Your quokka closely misses the giant cockroach.
Something hits you but does no damage.
Your quokka closely misses the giant cockroach.
The giant cockroach bites your quokka.
You closely miss something.
The eye of devastation turns its gaze towards you.
The giant cockroach misses your quokka. Something hits you but does no damage.
Your quokka closely misses the giant cockroach.
You hit something.
Your quokka bites the giant cockroach.
The giant cockroach dies!
Something hits you but does no damage.
You closely miss something. Something hits you but does no damage.
You closely miss something. Something barely misses you.
You barely miss something. Something hits you.
You barely miss something. Something hits you but does no damage.
You closely miss something. Something hits you but does no damage.
You hit something but do no damage. You miss something. Something hits you.
You hit something but do no damage. Something barely misses you.
The floating eye pulsates ominously.
You hit something but do no damage. Something hits you.
* * * LOW HITPOINT WARNING * * *
You hit something but do no damage. Something hits you.
* * * LOW HITPOINT WARNING * * *
You closely miss something. Something hits you.
* * * LOW HITPOINT WARNING * * *
You miss something. Something hits you.
You die...

..#G#...#G#..#
#..###...###..#
#.(...........#
......_......
............
###...### ###
#G#.{.#G# ...#
...###.r@###....#
.......r.....#
.#..#.#.#.##....
# # #.#.# ##
#.#.# #.#.# #.#.#
#.#.# ..#.#


You could see a great orb of eyes, 2 eyes of devastation, a floating eye and 2
friendly quokkas.

Vanquished Creatures
  A goblin (D:1)
  A kobold (D:1)
  A bat (D:1)
  A frilled lizard (D:2)
  A rat (D:1)
5 creatures vanquished.

Vanquished Creatures (collateral kills)
  2 endoplasms (D:1)
  2 giant cockroaches (D:2)
  2 goblins (D:1)
  2 hobgoblins (D:1)
  6 jackals
  A ball python (D:1)
  3 bats (D:1)
  A frilled lizard (D:1)
  4 kobolds (D:1)
  2 rats (D:1)
25 creatures vanquished.

Grand Total: 30 creatures vanquished

Notes
Turn   | Place    | Note
-------+----------+-------------------------------------------
     0 | D:1      | bilbop the Merfolk Summoner began the quest for the Orb.
     0 | D:1      | Reached XP level 1. HP: 13/13 MP: 3/3
   533 | D:1      | Reached XP level 2. HP: 20/20 MP: 1/5
  1459 | D:2      | Found a faded altar of an unknown god.
  1460 | D:2      | Noticed a floating eye
  1466 | D:2      | Noticed an eye of devastation
  1470 | D:2      | Noticed a great orb of eyes
  1470 | D:2      | Noticed an eye of devastation
  1488 | D:2      | Slain by a hobgoblin

Illustrated notes

Levels and vault maps discovered:
D:1:      dpeg_arrival_snail, layout_basic
D:2:      layout_basic, hellmonk_ecumenical_altar_watching_god

Skill      XL: |  1  2 |
---------------+-------+-----
Dodging        | 3 |  3.2
Fighting       | |  0.7
Short Blades   | |  0.6
Stealth        | |  2.5
Spellcasting   | |  2.2
Summonings     | |  4.1

Action                   || total
-------------------------++-------
Melee: Unarmed           ||     3
       Dagger            ||    28
 Cast: Summon Small Mamm ||    51
 Stab: Sleeping          ||     2
       Distracted        ||     1
Armor: Robe              ||    11
Dodge: Dodged            ||    22

Table legend: (Time is in decaauts)
 A = Elapsed time spent in this place.
 B = Non-inter-level travel time spent in this place.
 C = Inter-level travel time spent in this place.
 D = Time resting spent in this place.
 E = Time spent auto-exploring this place.
 F = Levels seen in this place.
 G = Mean time per level.
                   A        B        C        D        E       F      G
               +--------+--------+--------+--------+--------+-----+--------+
         Total |   1486 |   1472 |     14 |     76 |   1101 |   2 |  743.0 |
       Dungeon |   1486 |   1472 |     14 |     76 |   1101 |   2 |  743.0 |
               +--------+--------+--------+--------+--------+-----+--------+

Top non-repeatable levels by time:
     D:1: 1274 daAuts
     D:2: 212 daAuts
